 Dungeon Crawl Stone Soup version 0.25.0-26-g0c896c7088 (webtiles) character file.

Game seed: 6312665779576057468

8313 protoss039 the Eclecticist (level 11, 0/54 HPs)
             Began as a Deep Elf Earth Elementalist on July 3, 2020.
             Was a Priest of Kikubaaqudgha.
             Slain by a hippogriff (3 damage)
             ... on level 14 of the Dungeon.
             The game lasted 00:43:27 (11715 turns).

protoss039 the Eclecticist (DEEE)                  Turns: 11715, Time: 00:43:28

Health: 0/54       AC:  7    Str:  5    XL:     11   Next: 8%
Magic:  9/32       EV: 13    Int: 29    God:    Kikubaaqudgha [***...]
Gold:   176        SH:  0    Dex: 15    Spells: 23/40 levels left

rFire    + . .     SeeInvis .   E - +2 falchion (holy)
rCold    + . .     Gourm    .   (no shield)
rNeg     . . .     Faith    .   c - +0 robe
rPois    +         Spirit   .   z - +0 helmet of Matenohe {Int+5}
rElec    .         Reflect  .   K - +2 cloak {rPois}
rCorr    .         Harm     .   (no gloves)
MR       +....                  t - +0 pair of boots
Stlth    ++........             (no amulet)
HPRegen  0.18/turn              h - ring of protection from cold
MPRegen  0.23/turn              i - ring of protection from fire

@: no status effects
A: no striking features
a: Receive Corpses, Renounce Religion


You were on level 14 of the Dungeon.
You worshipped Kikubaaqudgha.
Kikubaaqudgha was most pleased with you.
You were not hungry.

You visited 2 branches of the dungeon, and saw 13 of its levels.

You collected 481 gold pieces.
You spent 305 gold pieces at shops.

Inventory:

Hand Weapons
 o - a +0 dagger
 E - a +2 falchion of holy wrath (weapon)
 I - a cursed +3 scimitar of freezing
Missiles
 b - 150 stones (quivered)
Armour
 c - a +0 robe (worn)
 t - a +0 pair of boots (worn)
 z - the +0 helmet of Matenohe (worn) {Int+5}
   (You bought it in a shop on level 5 of the Dungeon)

   It affects your intelligence (+5).
 K - a +2 cloak of poison resistance (worn)
Jewellery
 h - a ring of protection from cold (left hand)
 i - a ring of protection from fire (right hand)
 l - an uncursed ring of poison resistance {unknown}
 q - an uncursed ring of resist corrosion {unknown}
 y - an uncursed amulet of magic regeneration {unknown}
 A - an uncursed ring of resist corrosion {unknown}
Wands
 C - a wand of iceblast (10)
 G - a wand of random effects (16)
Scrolls
 e - a scroll of fog {unknown}
 n - a scroll of remove curse
 x - a scroll of amnesia
Potions
 a - 3 potions of stabbing
 p - a potion of mutation
 r - a potion of resistance
 s - a potion of flight
 u - a potion of magic
Comestibles
 d - 22 rations


   Skills:
 - Level 2.4 Dodging
 - Level 2.4 Stealth
 + Level 15.1 Spellcasting
 + Level 3.9 Conjurations
 + Level 1.1 Necromancy
 + Level 3.0 Transmutations
 + Level 12.4 Earth Magic


You had 23 spell levels left.
You knew the following spells:

 Your Spells              Type           Power        Failure   Level  Hunger
a - Sandblast             Erth           ######       0%          1    None
b - Passwall              Tmut/Erth      ######..     1%          2    None
c - Stone Arrow           Conj/Erth      ######       1%          3    None
d - Petrify               Tmut/Erth      ######..     1%          4    None
e - Lee's Rapid Deconstr  Erth           #######...   1%          5    None
f - Sublimation of Blood  Necr           ####......   1%          2    None

Your spell library contained the following spells:

 Spells                   Type           Power        Failure   Level  Hunger
 Animate Skeleton         Necr           N/A          1%          1    None
 Pain                     Necr           ####         1%          1    None
 Apportation              Tloc           ###...       2%          1    None
 Corona                   Hex            ###....      2%          1    None
 Summon Small Mammal      Summ           ###.         2%          1    None
 Corpse Rot               Necr/Air       N/A          2%          2    None
 Vampiric Draining        Necr           ####......   4%          3    None
 Confusing Touch          Hex            ###.....     7%          3    None
 Gell's Gravitas          Tloc           ###.......   7%          3    None
 Yara's Violent Unravell  Hex/Tmut       ####......   32%         5    None
 Metabolic Englaciation   Hex/Ice        ###.......   52%         5    None


Dungeon Overview and Level Annotations

Branches:
Dungeon (15/15)            Temple (1/1) D:5          Vaults (0/5) D:14
 Depths (0/5) D:15
   Lair: D:8-11         Orc: D:9-12

Altars:
Ashenzari
Cheibriados
Dithmenos
Elyvilon
Fedhas
Gozag
Hepliaklqana
Kikubaaqudgha
Makhleb
Nemelex Xobeh
Okawaru
Qazlal
Ru
Sif Muna
Trog
Uskayaw
Vehumet
Wu Jian
Xom
Yredelemnul
Zin
The Shining One

Shops:
D:5 [   D:9 *

Annotations:
D:4 1 exclusion, Pikel
D:5 2 transporters, grindst0ne's ghost, novice HuCK
D:7 1 exclusion
D:8 2 transporters, 2 exclusions


Message History

Found two stone staircases leading up and a stone staircase leading down.
There is a stone staircase leading down here.
The shadow slips into darkness.
The shadow flickers and vanishes!
Deactivating autopickup; reactivate with Ctrl-A.
A cyan ugly thing comes into view.
There is a stone staircase leading up here.
Unknown command.
Unknown command.
Unknown command.
Unknown command.
Unknown command.
The centaur warrior wields a +0 shortbow.
The centaur warrior shoots an arrow.
The arrow hits you!!
* * * LOW HITPOINT WARNING * * *
The centaur warrior skeleton hits you.
* * * LOW HITPOINT WARNING * * *
The hippogriff misses you. The hippogriff pecks you.
You die...
Kikubaaqudgha rasps: "You have failed me!
Welcome... death!"

.....u#...>....
..............#
...ul..!......#
........Z...[.#
.....uppOp....#
......p..pp...#
....{p.<∩Zp...#
.....p!H@.o..#
.....pp).pp..#
......ppcp...#
........Z....#
###..........#
#..........#
#.######...# ..
..##


You could see an orc knight, 3 ugly things, a centaur warrior, a two-headed
ogre, a komodo dragon, a hippogriff, 16 humans, a harpy zombie, a wyvern
skeleton and a centaur warrior skeleton.

Vanquished Creatures
  A rakshasa (D:15)
  3 two-headed ogres (D:8)
  An unseen horror (D:12)
  A centaur skeleton (D:15)
  A troll (D:15)
  A hippogriff (D:8)
  3 yaks (D:12)
  Eustachio (D:5)
  A hungry ghost (D:7)
  2 orc warriors (D:7)
  2 hornet zombies (D:8)
  A black bear (D:6)
  2 ice beasts (D:5)
  A sky beast (D:9)
  3 slaves (D:5)
  A phantom (D:8)
  4 necrophages
  An ogre (D:7)
  A centaur (D:7)
  A crocodile (D:9)
  2 big kobolds
  4 bullfrogs
  A wyvern zombie (D:6)
  3 scorpions
  3 killer bees (D:8)
  3 wights (D:7)
  A howler monkey (D:4)
  An electric eel (D:9)
  A centaur zombie (D:9)
  4 crimson imps
  5 hounds
  10 orc priests
  A jelly (D:9)
  2 bullfrog skeletons
  2 orc wizards
  3 iguanas
  4 worker ants
  A killer bee zombie (D:7)
  A hound skeleton (D:7)
  A howler monkey zombie (D:9)
  16 adders
  12 gnolls
  A howler monkey skeleton (D:6)
  3 shadow imps
  An ooze (D:2)
  6 worms
  3 dart slugs (D:1)
  3 leopard geckos
  29 orcs
  9 bats
  6 giant cockroaches
  8 goblins
  4 hobgoblins
  12 jackals
  4 quokkas
  9 ball pythons
  5 frilled lizards
  10 kobolds
  14 rats
  A spectral orc (D:2)
241 creatures vanquished.

Notes
Turn   | Place    | Note
-------+----------+-------------------------------------------
     0 | D:1      | protoss039 the Deep Elf Earth Elementalist began the quest
                  | for the Orb.
     0 | D:1      | Reached XP level 1. HP: 10/10 MP: 6/6
   190 | D:1      | Reached XP level 2. HP: 15/15 MP: 6/8
   351 | D:1      | Learned a level 2 spell: Passwall
   579 | D:1      | Reached XP level 3. HP: 19/19 MP: 6/10
  1038 | D:2      | Learned a level 3 spell: Stone Arrow
  1128 | D:2      | Reached skill level 4 in Spellcasting
  1570 | D:2      | Reached XP level 4. HP: 18/24 MP: 7/12
  1874 | D:2      | Reached skill level 5 in Spellcasting
  1874 | D:2      | Reached skill level 5 in Earth Magic
  1895 | D:2      | Reached XP level 5. HP: 19/28 MP: 0/14
  2173 | D:2      | Noticed a necrophage
  2180 | D:2      | Killed a necrophage
  2459 | D:2      | Found a basalt altar of Yredelemnul.
  2555 | D:2      | Reached skill level 6 in Spellcasting
  3104 | D:3      | Found a white marble altar of Elyvilon.
  3533 | D:3      | Reached XP level 6. HP: 31/31 MP: 15/17
  4490 | D:4      | Found a sparkling altar of Nemelex Xobeh.
  4855 | D:5      | Entered Level 5 of the Dungeon
  4862 | D:5      | Noticed a slave
  4863 | D:5      | Noticed Pikel
  4864 | D:5      | Noticed a slave
  4875 | D:4      | Learned a level 4 spell: Petrify
  4881 | D:4      | Learned a level 5 spell: Lee's Rapid Deconstruction
  4961 | D:5      | Noticed a slave
  5007 | D:5      | Noticed a slave
  5008 | D:5      | Noticed Eustachio
  5014 | D:5      | Killed a slave
  5019 | D:5      | Killed a slave
  5022 | D:5      | Killed a slave
  5159 | D:5      | Found a stormy altar of Qazlal.
  5162 | D:5      | Noticed an ice beast
  5168 | D:5      | Killed an ice beast
  5168 | D:5      | Reached skill level 7 in Spellcasting
  5168 | D:5      | Reached skill level 1 in Conjurations
  5168 | D:5      | Reached XP level 7. HP: 36/36 MP: 9/19
  5241 | D:5      | Killed Eustachio
  5337 | D:5      | Found a staircase to the Ecumenical Temple.
  5629 | D:5      | Found Agiyfe's Armour Shoppe.
  5635 | D:5      | Bought a +0 cloak for 58 gold pieces
  5635 | D:5      | Bought the cursed +0 helmet of Matenohe {Int+5} for 247
                  | gold pieces
  5650 | D:5      | Reached skill level 8 in Spellcasting
  5727 | D:5      | Found a transporter.
  5728 | D:5      | Noticed grindst0ne's ghost (novice HuCK)
  5740 | D:5      | Found a transporter.
  6207 | Temple   | Entered the Ecumenical Temple
  6437 | Temple   | Became a worshipper of Kikubaaqudgha
  6796 | D:6      | Found a hide-covered altar of Uskayaw.
  6915 | D:6      | Reached XP level 8. HP: 41/41 MP: 16/22
  6919 | D:6      | Reached skill level 9 in Spellcasting
  8027 | D:7      | Reached * piety under Kikubaaqudgha
  8027 | D:7      | Identified Kikubaaqudgha's Catalogue of Stolen Souls
                  | (Kikubaaqudgha gifted it to you on level 7 of the Dungeon)
  8027 | D:7      | Received a gift from Kikubaaqudgha
  8027 | D:7      | Reached skill level 10 in Spellcasting
  8546 | D:7      | Reached XP level 9. HP: 45/45 MP: 20/25
  8758 | D:7      | Found a snail-covered altar of Cheibriados.
  8865 | D:7      | Reached skill level 11 in Spellcasting
  9299 | D:8      | Learned a level 2 spell: Sublimation of Blood
  9312 | D:8      | Reached skill level 10 in Earth Magic
  9600 | D:8      | Noticed a two-headed ogre
  9603 | D:8      | Noticed a two-headed ogre
  9625 | D:7      | Reached ** piety under Kikubaaqudgha
  9699 | D:8      | Found a transporter.
  9701 | D:8      | Noticed a cyan ugly thing
  9707 | D:8      | Found a shattered altar of Ashenzari.
  9712 | D:8      | Found a transporter.
  9722 | D:8      | Noticed a seven-headed hydra
  9725 | D:8      | Noticed a deep elf archer
  9728 | D:8      | Found a hide-covered altar of Uskayaw.
  9729 | D:8      | Found an iron altar of Okawaru.
  9760 | D:8      | Reached skill level 12 in Spellcasting
  9769 | D:8      | Noticed a two-headed ogre
  9927 | D:8      | Killed a two-headed ogre
 10138 | D:8      | Reached XP level 10. HP: 50/50 MP: 19/28
 10247 | D:8      | Killed a two-headed ogre
 10247 | D:8      | Reached skill level 13 in Spellcasting
 10274 | D:8      | Killed a two-headed ogre
 10473 | D:8      | Reached skill level 1 in Necromancy
 10707 | D:9      | Found Jader's General Store.
 10844 | D:9      | Reached skill level 14 in Spellcasting
 11322 | D:9      | You fall into a shaft and drop 3 floors!
 11344 | D:12     | Killed an unseen horror
 11344 | D:12     | Reached *** piety under Kikubaaqudgha
 11344 | D:12     | Identified Kikubaaqudgha's Collected Works on Dark Magic
                  | (Kikubaaqudgha gifted it to you on level 12 of the Dungeon)
 11344 | D:12     | Received a gift from Kikubaaqudgha
 11350 | D:12     | You fall into a shaft and drop 3 floors!
 11350 | D:15     | Entered Level 15 of the Dungeon
 11356 | D:15     | Noticed a centaur warrior
 11357 | D:15     | HP: 1/50 [centaur warrior/arrow (3)]
 11674 | D:15     | Noticed a rakshasa
 11689 | D:15     | Killed a rakshasa
 11689 | D:15     | Reached skill level 15 in Spellcasting
 11689 | D:15     | Reached XP level 11. HP: 54/54 MP: 3/32
 11699 | D:15     | Noticed a death knight
 11713 | D:14     | Found a gate to the Vaults.
 11713 | D:14     | Noticed a centaur warrior
 11713 | D:14     | Noticed a cyan ugly thing
 11713 | D:14     | Noticed a two-headed ogre
 11713 | D:14     | Noticed an orc knight
 11713 | D:14     | Noticed a cyan ugly thing
 11714 | D:14     | Noticed a cyan ugly thing
 11715 | D:14     | Slain by a hippogriff

Illustrated notes

Levels and vault maps discovered:
D:1:      dpeg_arrival_subterranean_lakeside_camping, layout_basic
D:2:      layout_basic, yredelemnul_forgotten_temple_becter,
          supply_closet_lemuel, minmay_snake_closets
D:3:      minmay_spotlight, layout_loops_ring, wad_floor_pattern_1,
          eino_tiny_chamber, elyvilon_altar_3
D:4:      layout_gridville, nemelex_xobeh_ov_fountains_minmay, first_ration
D:5:      layout_gridville, lemuel_doored_altar,
          minmay_temple_entry_gardened_gates, serial_shops, shop,
          gammafunk_ghost_stat_death, roderic_roman_lattice, uniq_eustachio,
          uniq_pikel
D:6:      layout_gridville, basic_altar
D:7:      layout_loops_ring, cheibriados_altar_1, grunt_tough_drop
D:8:      layout_rooms, gammafunk_temple_overflow_arena
D:9:      layout_big_octagon, serial_shops, shop, uniq_psyche
D:12:     layout_long_grid
D:14:     layout_loops_cross, david_vaults_3, minmay_misc_feat_roman
D:15:     hangedman_depths_entry_try_elsewhere_first, layout_irregular_city
Temple:   regret_index_temple_generic_petals

Skill      XL: |  1  2  3  4  5  6  7  8  9 10 |
---------------+-------------------------------+-----
Earth Magic    | 4 5 6 7 9 10 12 | 12.4
Spellcasting   | 4 5 6 7 8 10 12 15 | 15.1
Conjurations   | 1 2 3 |  3.9
Transmutations | 2 3 |  3.0
Necromancy     | 1 |  1.1
Dodging        | |  2.4
Stealth        | |  2.4

Action                   |  1- 3 |  4- 6 |  7- 9 | 10-12 || total
-------------------------+-------+-------+-------+-------++-------
Melee: Unarmed           |     8 |     2 |       |       ||    10
       Dagger            |       |       |     2 |       ||     2
 Cast: Sandblast         |    47 |    83 |    66 |    20 ||   216
       Stone Arrow       |     3 |    28 |    50 |     9 ||    90
       Lee's Rapid Decon |       |     1 |    31 |    27 ||    59
       Petrify           |       |       |     6 |     7 ||    13
       Sublimation of Bl |       |       |     6 |       ||     6
  Use: Scroll            |     2 |     5 |     6 |     9 ||    22
       Potion            |       |     2 |       |     7 ||     9
 Stab: Sleeping          |     1 |       |       |       ||     1
       Petrified         |       |       |     1 |       ||     1
  Eat: Chunk             |     1 |    13 |    13 |     2 ||    29
       Ration            |       |       |     2 |     1 ||     3
Armor: Robe              |     4 |     4 |     9 |    13 ||    30
Dodge: Dodged            |    11 |    32 |    27 |    22 ||    92
       Rpst.: Falchion   |       |       |       |     2 ||     2
